 Dungeon Sprint DCSS version 0.17-a0-2147-gfb20a63 (webtiles) character file.

185 Kidiri the Sneak (level 5, -1/24 (26) HPs)
             Began as a Spriggan Enchanter on Oct 24, 2015.
             Was a Priest of Dithmenos.
             Slain by a necrophage (8 damage)
             ... in the Dungeon (Sprint VII: "The Pits").
             The game lasted 00:02:24 (281 turns).

Kidiri the Sneak (Spriggan Enchanter)                Turns: 281, Time: 00:02:24

HP:   -1/24 (26)    AC:  3    Str:  4    XL:     5   Next: 37%
MP:   2/14          EV: 23    Int: 16    God:    Dithmenos [***...]
Gold: 0             SH:  0    Dex: 18    Spells: 5 memorised, 3 levels left

rFire  . . .     SeeInvis +     a - +0 dagger (venom)
rCold  . . .     Clarity  .     b - +1 robe
rNeg   . . .     SustAt   .     (shield restricted)
rPois  .         Gourm    .     (helmet restricted)
rElec  .         Spirit   .     (no cloak)
rCorr  .         Warding  .     (gloves unavailable)
rMut   .         NoTele   +     (boots unavailable)
MR     .....                    (no amulet)
Stlth  ++++++....               (no ring)
                                (no ring)

@: wreathed by umbra, very quick, not resistant to hostile enchantments, very
stealthy
A: unfitting armour, see invisible, herbivore 3, speed 3, slow metabolism 2
a: Shadow Step, Renounce Religion


You were in the Dungeon.
You worshipped Dithmenos.
Dithmenos was most pleased with you.
You were not hungry.

You visited 1 branch

Inventory:

Hand Weapons
 a - a +0 dagger of venom (weapon)
Armour
 b - a +1 robe (worn)
Scrolls
 j - a scroll of blinking
 m - 3 scrolls of remove curse
 n - 5 scrolls of amnesia
 o - a scroll of summoning
Potions
 e - 6 potions of curing
 f - 6 potions of heal wounds
 g - a potion of haste
 h - 4 potions of magic
 i - 3 potions of berserk rage
 l - 2 potions of invisibility
Books
 c - a book of Maledictions

   Spells                             Type                      Level
   a - Corona                         Hexes                        1
   b - Ensorcelled Hibernation        Hexes/Ice                    2
   c - Confuse                        Hexes                        3
   d - Tukima's Dance                 Hexes                        3
   e - Dazzling Spray                 Conjuration/Hexes            3
Comestibles
 d - 8 bread rations
 k - 40 fruits


   Skills:
 + Level 2.1 Fighting
 * Level 4.5 Short Blades
 + Level 2.1 Armour
 * Level 6.8 Dodging
 * Level 7.9 Stealth
 * Level 5.9 Spellcasting
 + Level 1.0 Conjurations
 + Level 5.0 Hexes
 + Level 2.0 Ice Magic
 + Level 2.5 Invocations


You had 3 spell levels left.
You knew the following spells:

 Your Spells              Type           Power        Failure   Level  Hunger
a - Corona                Hex            ###....      1%          1    None
b - Ensorcelled Hibernat  Hex/Ice        ###...       6%          2    #......
c - Confuse               Hex            ###.....     6%          3    ##.....
d - Tukima's Dance        Hex            ###.....     6%          3    ##.....
e - Dazzling Spray        Conj/Hex       ##......     12%         3    ##.....


Dungeon Overview and Level Annotations

Branches:
Dungeon (1/1)

Altars:
Ashenzari
Cheibriados
Dithmenos
Elyvilon
Fedhas
Gozag
Kikubaaqudgha
Makhleb
Nemelex Xobeh
Okawaru
Qazlal
Ru
Sif Muna
Trog
Vehumet
Xom
Yredelemnul
Zin
The Shining One
Beogh
Jiyva
Lugonu


Innate Abilities, Weirdness & Mutations

You are tiny and cannot use many weapons and most armour.
You have supernaturally acute eyesight.
You are a herbivore.
You cover ground extremely quickly.
You need consume almost no food.


Message History

You hit the necrophage.
The necrophage is moderately damaged.
The necrophage completely misses you.
You hit the necrophage.
The necrophage is heavily damaged.
You hit the necrophage.
The necrophage is heavily damaged.
The necrophage hits you.
* * * LOW HITPOINT WARNING * * *
The sky beast flickers out of sight for a moment.
You hit the necrophage.
The necrophage is severely damaged.
The necrophage completely misses you.
You hit the necrophage.
The necrophage is severely damaged.
The necrophage completely misses you.
You hit the necrophage.
The necrophage is severely damaged.
The necrophage stops glowing.
The necrophage hits you!
You die...

#.#####+##########
#_#)))+.+%.##.....
#_#)))#.#?(##.....
#######+#####.....
#.........†.'.....
#'#####+#####.....
#.#..#...+.##.....
#.#..#...#.#####'#
#@#..#####.##.....
#n#..+†.†#.##.....
#h#..+†..+.##.....
#Z#..########...<.
#Y#..+.)))[##.....
#.#.†#.)))[##.....
#'###########.....
#....Z.O# ######
#.......#


You could see a sky beast (invisible), a necrophage, a wolf and a bat zombie.

Vanquished Creatures
  An ogre (D)
  A brain worm (D)
  A quasit (D)
  An ooze (D)
  An adder zombie (D)
  A giant gecko (D)
  A giant cockroach (D)
  A ball python (D)
  2 bats (D)
  A jackal skeleton (D)
11 creatures vanquished.

Notes
Turn   | Place    | Note
--------------------------------------------------------------
     0 | D        | Kidiri the Spriggan Enchanter began the quest for the Orb.
     0 | D        | Reached XP level 1. HP: 9/9 MP: 5/5
    46 | D        | Found a sacrificial altar of Ru.
    46 | D        | Found a basalt altar of Yredelemnul.
    46 | D        | Found a shadowy altar of Dithmenos.
    46 | D        | Found a deep blue altar of Sif Muna.
    46 | D        | Found a burning altar of Makhleb.
    46 | D        | Found a shimmering altar of Xom.
    46 | D        | Found an ancient bone altar of Kikubaaqudgha.
    46 | D        | Found a sparkling altar of Nemelex Xobeh.
    47 | D        | Found a glowing golden altar of the Shining One.
    47 | D        | Found a bloodstained altar of Trog.
    47 | D        | Found a shattered altar of Ashenzari.
    47 | D        | Found a white marble altar of Elyvilon.
    47 | D        | Found a snail-covered altar of Cheibriados.
    47 | D        | Found a blossoming altar of Fedhas.
    47 | D        | Found a radiant altar of Vehumet.
    47 | D        | Found a glowing silver altar of Zin.
    47 | D        | Found a corrupted altar of Lugonu.
    47 | D        | Found a viscous altar of Jiyva.
    47 | D        | Found a roughly hewn altar of Beogh.
    47 | D        | Found an iron altar of Okawaru.
    53 | D        | Found a stormy altar of Qazlal.
    53 | D        | Found an opulent altar of Gozag.
    60 | D        | Became a worshipper of Dithmenos the Shadowed
    71 | D        | Reached skill level 5 in Stealth
    83 | D        | Reached * piety under Dithmenos
    83 | D        | Reached XP level 2. HP: 14/14 MP: 7/7
    90 | D        | Learned a level 2 spell: Ensorcelled Hibernation
    92 | D        | Noticed a brain worm
   107 | D        | Killed a brain worm
   107 | D        | Reached ** piety under Dithmenos
   107 | D        | Reached skill level 1 in Fighting
   107 | D        | Reached skill level 1 in Armour
   107 | D        | Reached skill level 5 in Dodging
   107 | D        | Reached skill level 6 in Stealth
   107 | D        | Reached skill level 1 in Ice Magic
   107 | D        | Reached skill level 1 in Invocations
   107 | D        | Reached XP level 3. HP: 15/18 MP: 1/10
   107 | D        | Reached XP level 4. HP: 18/22 MP: 1/11
   121 | D        | Learned a level 3 spell: Confuse
   125 | D        | Learned a level 3 spell: Dazzling Spray
   129 | D        | Learned a level 3 spell: Tukima's Dance
   222 | D        | Noticed an ogre
   222 | D        | Noticed a sky beast
   222 | D        | Noticed a wolf
   222 | D        | Noticed a quasit
   233 | D        | Noticed a necrophage
   243 | D        | Killed a quasit
   243 | D        | Reached skill level 7 in Stealth
   243 | D        | Reached skill level 5 in Spellcasting
   250 | D        | Killed an ogre
   250 | D        | Reached *** piety under Dithmenos
   250 | D        | Reached skill level 1 in Conjurations
   250 | D        | Reached skill level 5 in Hexes
   250 | D        | Reached XP level 5. HP: 23/26 MP: 2/14
   281 | D        | Slain by a necrophage

Vault maps used:
D:        pitsprint

Action                   |  1- 3 |  4- 6 || total
-------------------------+-------+-------++-------
Melee: Dagger            |    15 |    48 ||    63
 Cast: Ensorcelled Hiber |     3 |     3 ||     6
       Confuse           |       |     3 ||     3
       Corona            |       |     1 ||     1
 Stab: Sleeping          |     5 |       ||     5
       Confused          |       |     1 ||     1
